 Dungeon Crawl Stone Soup version 0.30.1 (webtiles) character file.

Game seed: 16900980826868562884

49 spardeous the Digger (level 3, -1/14 HPs)
             Began as a Felid Earth Elementalist on July 9, 2023.
             Slain by a river rat (9 damage)
             ... in a sewer.
             The game lasted 00:03:45 (1123 turns).

spardeous the Digger (Felid Earth Elementalist)     Turns: 1123, Time: 00:03:46

Health: -1/14      AC:  1    Str:  4    XL:     3   Next: 51%
Magic:  3/7        EV: 18    Int: 18    God:
Gold:   71         SH:  0    Dex: 16    Spells: 5/6 levels left
                                        Lives:  0   Deaths: 0

rFire   . . .        (weapon unavailable)
rCold   . . .        (shield unavailable)
rNeg    . . .        (body armour unavailable)
rPois   .            (helmet unavailable)
rElec   .            (cloak unavailable)
rCorr   .            (gloves unavailable)
SInv    +            (boots unavailable)
Will    .....        (no amulet)
Stlth   ++           (no ring)
HPRegen 0.22/turn    (no ring)
MPRegen 0.10/turn

%: no passive effects
@: quick
A: very small, claws 1, fangs 3, see invisible, speed 1, shaggy fur 1, stealthy
paws, no weapons or thrown items, no armour, multi-lived
a: no special abilities


You were in a sewer.
You visited 1 branch of the dungeon, and saw 3 of its levels.
You also visited: Sewer.

You collected 71 gold pieces.

Inventory:

Scrolls
 b - 2 scrolls of vulnerability {unknown}
 c - a scroll of fear {unknown}
 f - a scroll of teleportation {unknown}
 g - a scroll of enchant armour {unknown}
 h - a scroll of identify {unknown}
Potions
 a - 3 potions of magic
 d - a potion of berserk rage {unknown}
 e - a potion of invisibility {unknown}
 i - a potion of heal wounds {unknown}


   Skills:
 + Level 3.6 Dodging
 - Level 2.6 Stealth
 - Level 2.0 Spellcasting
 - Level 1.1 Transmutations
 * Level 3.7 Earth Magic


You had 5 spell levels left.
You knew the following spells:

 Your Spells              Type           Power      Damage    Failure   Level
a - Sandblast             Erth           30%        2d9       4%          1

Your spell library contained the following spells:

 Spells                   Type           Power      Damage    Failure   Level
 Passwall                 Tmut/Erth      8%         N/A       10%         2
 Stone Arrow              Conj/Erth      16%        3d8       26%         3
 Petrify                  Tmut/Erth      10%        N/A       54%         4


Dungeon Overview and Level Annotations

Branches:
Dungeon (3/15)              Sewer (1/1)

Altars:


Innate Abilities, Weirdness & Mutations

You have sharp claws.
You have razor-sharp teeth.
You have supernaturally acute eyesight. (SInv)
You cover ground quickly. (Speed+)
You are covered in fur. (AC +1)
Your paws help you pounce on unaware monsters.
You are incapable of wielding weapons or throwing items.
You cannot wear armour.
You gain extra lives every three experience levels.


Message History

Aiming: Sandblast (safe; 4% risk of failure)
Press: ? - help, Shift-Dir - straight line, f - rat
Aim: a rat (82% to hit)
The blast of sand hits the rat!
You kill the rat!
You see here a rat corpse.
You see here a rat corpse.
Casting: Sandblast (safe; 4% risk of failure)
Confirm with . or Enter, or press ? or * to list all spells.
Aiming: Sandblast (safe; 4% risk of failure)
Press: ? - help, Shift-Dir - straight line, f - river rat
Aim: a river rat (80% to hit)
The blast of sand hits the river rat.
The river rat is lightly wounded.
Casting: Sandblast (safe; 4% risk of failure)
Confirm with . or Enter, or press ? or * to list all spells.
Aiming: Sandblast (safe; 4% risk of failure)
Press: ? - help, Shift-Dir - straight line, f/p - river rat
Aim: a river rat (lightly wounded, 80% to hit)
The blast of sand hits the river rat.
The river rat is severely wounded.
The river rat closely misses you.
Casting: Sandblast (safe; 4% risk of failure)
Confirm with . or Enter, or press ? or * to list all spells.
Aiming: Sandblast (safe; 4% risk of failure)
Press: ? - help, Shift-Dir - straight line, f/p - river rat
Aim: a river rat (severely wounded, 80% to hit)
The blast of sand hits the river rat but does no damage.
The river rat is severely wounded.
The river rat barely misses you.
Casting: Sandblast (safe; 4% risk of failure)
Confirm with . or Enter, or press ? or * to list all spells.
Aiming: Sandblast (safe; 4% risk of failure)
Press: ? - help, Shift-Dir - straight line, f/p - river rat
Aim: a river rat (severely wounded, 80% to hit)
The blast of sand hits the river rat but does no damage.
The river rat is severely wounded.
The river rat bites you. The river rat bites you!
Ouch! That really hurt!
You die...

#≈≈~≈≈≈# ≈~
#≈≈~≈≈≈# ≈~≈
#≈≈~≈≈≈# ≈≈~≈
#≈≈~≈≈≈# ....#
#.....## ....r#
##...†..# ......#
##......##
.......###.......#
#.........r@....##
####.........####
####...#### #####


You could see a river rat.

Vanquished Creatures
  2 adders
  4 endoplasms
  2 giant cockroaches (D:2)
  A goblin (D:2)
  A hobgoblin (D:2)
  5 jackals (D:3)
  2 kobolds (D:2)
  2 ball pythons (D:3)
  2 bats (D:2)
  9 rats
30 creatures vanquished.

Notes
Turn   | Place    | Note
-------+----------+-------------------------------------------
     0 | D:1      | spardeous the Felid Earth Elementalist began the quest for
                  | the Orb.
     0 | D:1      | Reached XP level 1. HP: 7/7 MP: 4/4
   224 | D:2      | Reached XP level 2. HP: 11/11 MP: 3/6
   785 | D:3      | Reached XP level 3. HP: 14/14 MP: 2/7
   905 | D:3      | Found a glowing drain.
   959 | Sewer    | Entered a sewer
  1123 | Sewer    | Slain by a river rat

Illustrated notes

Levels and vault maps discovered:
D:1:      psy_arrival_statuary, layout_basic
D:2:      layout_loops_corners, serial_glass, glass_columns_a, glass_columns_b,
          glass_columns_c, glass_columns_a, glass_columns_a, glass_columns_b,
          glass_columns_a, glass_columns_b, glass_columns_b, glass_columns_a,
          glass_columns_a, glass_columns_a, glass_columns_a, glass_columns_a
D:3:      layout_basic, portal_sewer_entry_b
Sewer:    sewer_minmay_w

Skill      XL: |  1 |
---------------+----+-----
Dodging        | 3 |  3.6
Earth Magic    | 3 |  3.7
Stealth        | |  2.6
Spellcasting   | |  2.0
Transmutations | |  1.1

Action                     || total
---------------------------++-------
  Melee: Unarmed           ||     1
   Cast: Sandblast         ||    45
   Stab: Sleeping          ||     1
 Armour: Skin              ||     1
  Dodge: Dodged            ||    18
